 Dungeon Crawl Stone Soup version 0.29.1-13-g9f3cf754e1 (webtiles) character file.

Game seed: 5439577877511158449

214 cheesebisquit the Chopper (level 5, -9/47 HPs)
             Began as a Minotaur Fighter on Jan 30, 2023.
             Mangled by a gnoll
             ... wielding a +0 halberd
              (10 damage)
             ... on level 5 of the Dungeon.
             The game lasted 00:09:38 (3028 turns).

cheesebisquit the Chopper (Minotaur Fighter)        Turns: 3028, Time: 00:09:39

Health: -9/47      AC: 13    Str: 23    XL:     5   Next: 59%
Magic:  4/4        EV:  6    Int:  5    God:
Gold:   224        SH:  0    Dex:  9    Spells: 4/4 levels left

rFire   . . .      SeeInvis .   a - +0 war axe
rCold   . . .      Faith    .   q - orb {*Rage}
rNeg    . . .      Spirit   .   i - +0 plate armour
rPois   .          Reflect  .   (helmet restricted)
rElec   .          Harm     .   (no cloak)
rCorr   .          Rampage  .   (no gloves)
Will    +....      Rage     20% o - +0 pair of boots
Stlth   ..........              p - amulet of the acrobat
HPRegen 0.15/turn               r - ring of willpower
MPRegen 0.09/turn               (no ring)

@: on berserk cooldown, slowed, very slow
A: horns 2, retaliatory headbutt
a: no special abilities


You were on level 5 of the Dungeon.
You visited 1 branch of the dungeon, and saw 5 of its levels.

You collected 224 gold pieces.

Inventory:

Hand Weapons
 a - a +0 war axe (weapon)
Missiles
 s - a curare-tipped dart
 u - 3 atropa-tipped darts (quivered)
 x - 8 poisoned darts
Armour
 c - a +0 buckler
 i - a +0 plate armour (worn)
 o - a +0 pair of boots (worn)
 q - an orb of wrath (worn)
Jewellery
 p - an amulet of the acrobat (around neck)
 r - a ring of willpower (left hand)
Scrolls
 b - 2 scrolls of fear {unknown}
 e - a scroll of magic mapping {unknown}
 g - 6 scrolls of identify {unknown}
 j - a scroll of vulnerability {unknown}
 m - 2 scrolls of poison {unknown}
 n - a scroll of immolation {unknown}
 w - a scroll of enchant weapon {unknown}
Potions
 d - a potion of might
 f - 2 potions of resistance {unknown}
 h - a potion of flight {unknown}
 k - 4 potions of curing {unknown}
 l - a potion of attraction {unknown}
 t - a potion of haste {unknown}
 v - a potion of brilliance {unknown}


   Skills:
 + Level 4.7 Fighting
 * Level 4.8 Axes
 + Level 4.6 Armour
 + Level 4.7 Shields


You had 4 spell levels left.
You didn't know any spells.
Your spell library contained the following spells:

 Spells                   Type           Power      Damage    Failure   Level
 Conjure Flame            Conj/Fire      0%         6-21      100%        3
 Ignite Poison            Fire/Tmut/Pois 0%         N/A       100%        3
 Sticky Flame             Conj/Fire      0%         2d3       100%        4


Dungeon Overview and Level Annotations

Branches:
Dungeon (5/15)
 Temple: D:4-7

Altars:
Elyvilon
Fedhas
Nemelex Xobeh
Trog
Vehumet


Innate Abilities, Weirdness & Mutations

You have a pair of horns on your head.
You reflexively headbutt those who attack you in melee.


Message History

The howler monkey attacks as you move away!
The howler monkey hits you. The gnoll barely misses you.
The gnoll closely misses you.
You see here a +0 spear.
You barely miss the gnoll. You closely miss the howler monkey.
The howler monkey hits you but does no damage.
The gnoll barely misses you.
The gnoll hits you from afar with a +0 halberd.
* * * LOW HITPOINT WARNING * * *
The howler monkey hoots and howls with incredible vigour!
The gnoll hits you but does no damage. x2
The howler monkey hits you but does no damage.
You hear an angry hiss.
You hear a shout! x3
You hit the gnoll.
The gnoll is lightly wounded.
You closely miss the howler monkey.
The howler monkey completely misses you.
The gnoll hits you but does no damage. x2; The howler monkey hits you.
* * * LOW HITPOINT WARNING * * *
The gnoll hits you but does no damage. The gnoll barely misses you.
You barely miss the gnoll. Your headbutt misses the gnoll.
The gnoll is lightly wounded.
You closely miss the howler monkey.
The howler monkey hits you but does no damage.
The gnoll hits you with a +0 spear.
* * * LOW HITPOINT WARNING * * *
The gnoll hits you from afar with a +0 halberd.
* * * LOW HITPOINT WARNING * * *
The howler monkey hoots and howls with incredible vigour!
The gnoll closely misses you.
The gnoll hits you from afar with a +0 halberd.
* * * LOW HITPOINT WARNING * * *
You hear an angry hiss.
You hear a shout! x2
You slash the gnoll!
You kill the gnoll!
You hit the howler monkey.
You kill the howler monkey!
The gnoll barely misses you.
The gnoll hits you from afar with a +0 halberd!
You die...

.....
#..########.....
#......<....#..
#.#...#.##..#..
#.#.......#.. #
#...#...#.#
##.##.).#g#
...l.....#)#
####..>.(#@#
#.......?#
#......(.#
#........#
#..........
#.......####
#.......#
#.......#
#.......#


You could see a gnoll.

Vanquished Creatures
  A howler monkey (D:5)
  An orc priest (D:4)
  An orc wizard (D:4)
  8 adders
  3 gnolls (D:5)
  A worm (D:3)
  A dart slug (D:4)
  6 orcs
  2 endoplasms
  2 giant cockroaches
  5 goblins
  7 hobgoblins
  2 kobolds
  3 quokkas
  9 ball pythons
  4 bats
  6 frilled lizards
  4 rats
66 creatures vanquished.

Notes
Turn   | Place    | Note
-------+----------+-------------------------------------------
     0 | D:1      | cheesebisquit the Minotaur Fighter began the quest for the
                  | Orb.
     0 | D:1      | Reached XP level 1. HP: 19/19 MP: 0/0
   156 | D:1      | Found a faded altar of an unknown god.
   336 | D:1      | Reached XP level 2. HP: 26/27 MP: 1/1
   786 | D:2      | Reached XP level 3. HP: 32/33 MP: 2/2
  1139 | D:2      | Reached XP level 4. HP: 40/40 MP: 3/3
  2338 | D:3      | Found a blossoming altar of Fedhas.
  2345 | D:3      | Found a radiant altar of Vehumet.
  2346 | D:3      | Found a sparkling altar of Nemelex Xobeh.
  2347 | D:3      | Found a white marble altar of Elyvilon.
  2349 | D:3      | Found a bloodstained altar of Trog.
  2750 | D:4      | Reached XP level 5. HP: 47/47 MP: 4/4
  3003 | D:5      | Entered Level 5 of the Dungeon
  3027 | D:5      | HP: 1/47 [gnoll/+0 halberd (5)]
  3028 | D:5      | Mangled by a gnoll

Illustrated notes

Levels and vault maps discovered:
D:1:      lightli_arrival_boilingwater, layout_rooms,
          shapermc_ecumenical_altar_petra, minmay_pentomino_o2
D:2:      layout_loops_ring, small_statue_intersection, minmay_snake_closets
D:3:      layout_basic, minitemple, feat_on_display
D:4:      layout_rooms
D:5:      layout_basic, mainiacjoe_overflow_six_doors_small,
          minmay_temple_entry_large_hall, uniq_pikel

Skill      XL: |  1  2  3  4 |
---------------+-------------+-----
Axes           | 3 4 |  4.8
Shields        | 4 |  4.7
Fighting       | 4 |  4.7
Armour         | 4 |  4.6

Action                   |  1- 3 |  4- 6 || total
-------------------------+-------+-------++-------
Melee: War axe           |    57 |    78 ||   135
       Headbutt          |     5 |     8 ||    13
Throw: Dart              |       |     6 ||     6
Armor: Scale mail        |    10 |       ||    10
       Plate armour      |    26 |    62 ||    88
Dodge: Dodged            |    19 |    59 ||    78
Block: Buckler           |    13 |     6 ||    19
